Map: Backwater LE

Players

EGG

  • Race: Zerg Zerg
  • League: Grandmaster
  • Spawn Location: 5:00

SpeCial - Winner!

  • Race: Terran Terran
  • Spawn Location: 11:00

VOD

Have the link to the VOD?

Description

Time

  • Played on: Feb. 2, 2018, 4:11 p.m.
  • Length: 12:07
Show
View Real Time Build Order
Export as new Build Order

EGG Zerg 

Build Orders: Hatch First 

Get SALT Encoding   

  12  0:01  Drone  
  13  0:12  Overlord  
  13  0:17  Drone  
  14  0:31  Drone x2  
  14  0:35  Drone  
  17  0:53  Hatchery  
  17  0:56  Drone x2  
  18  1:03  Extractor  
  17  1:12  Spawning Pool  
  17  1:15  Drone  
  17  1:18  Drone  
  18  1:29  Drone  
  19  1:39  Overlord  
  19  1:50  Drone  
  20  2:00  Queen  
  22  2:02  Zergling x2  
  22  2:04  Queen  
  22  2:05  Zergling x2  
  22  2:06  Metabolic Boost  
  26  2:11  Drone  
  27  2:16  Drone  
  27  2:22  Drone  
  29  2:27  Drone  
  29  2:38  Hatchery  
  28  2:46  Drone x3  
  28  2:49  Queen  
  33  2:53  Overlord  
  33  3:00  Queen  
  35  3:07  Overlord  
  35  3:12  Drone x3  
  38  3:18  Drone x3  
  41  3:26  Drone x4  
  45  3:33  Drone  
  46  3:39  Evolution Chamber  
  46  3:40  Baneling Nest  
  44  3:45  Queen  
  46  3:49  Drone x3, Extractor  
  46  3:52  Drone  
  49  3:56  Queen  
  49  4:02  Drone  
  52  4:04  Drone  
  52  4:09  Spore Crawler, Zergling x2  
  56  4:10  Zergling x8  
  57  4:17  Overlord  
  57  4:18  Overlord  
  57  4:22  Pneumatized Carapace  
  57  4:35  Spore Crawler  
  57  4:37  Overlord  
  56  4:38  Overlord  
  56  4:40  Drone x2  
  56  4:41  Drone x6  
  64  4:50  Spore Crawler  
  64  4:52  Spore Crawler  
  62  4:55  Baneling x2  
  62  4:56  Baneling x4  
  62  4:58  Zergling x8  
  66  5:10  Drone x4  
  66  5:12  Lair  
  71  5:14  Drone  
  71  5:15  Extractor, Zergling x2  
  71  5:16  Zergling x4  
  70  5:31  Drone x4  
  70  5:32  Overlord x2  
  70  5:34  Zerg Melee Weapons Level 1, Extractor  
  73  5:39  Evolution Chamber  
  72  5:44  Overlord x2  
  72  5:45  Overlord  
  72  5:58  Baneling x9  
  70  6:10  Zergling x16  
  70  6:11  Zergling x4  
  78  6:13  Overseer  
  78  6:20  Drone x4  
  78  6:22  Queen  
  78  6:24  Extractor  
  83  6:34  Drone x4  
  87  6:40  Hydralisk Den  
  86  6:54  Drone x3  
  88  6:56  Drone  
  88  6:57  Drone  
  88  6:58  Drone x2, Hatchery  
  88  7:00  Extractor  
  91  7:06  Baneling x9  
  91  7:13  Hydralisk, Grooved Spines  
  91  7:14  Hydralisk x3  
  99  7:19  Hatchery  
  97  7:24  Queen  
  97  7:26  Drone x5  
  97  7:28  Overlord  
  93  7:37  Zergling x14  
  93  7:39  Baneling  
  93  7:40  Baneling  
  97  7:47  Zergling x2  
  97  7:48  Zergling x12  
  80  8:06  Zergling x14  
  83  8:19  Hydralisk x5  
  93  8:27  Hydralisk x2  
  93  8:32  Overlord  
  93  8:33  Evolution Chamber  
  96  8:42  Hydralisk x2  
  98  8:52  Hydralisk x3  
  87  9:01  Hydralisk x2, Hatchery  
  87  9:02  Hydralisk x3  
  91  9:05  Drone x3  
  91  9:08  Lair  
  94  9:11  Hydralisk x2  
  96  9:28  Hydralisk x3  
  96  9:29  Hydralisk  
  96  9:30  Spore Crawler, Drone x2  
  96  9:31  Drone  
  106  9:40  Zergling x4  
  106  9:45  Spore Crawler, Drone  
  107  9:46  Drone x4  
  107  9:47  Queen  
  110  9:55  Hydralisk x5  
  120  10:03  Drone  
  120  10:04  Drone x2, Extractor  
  120  10:05  Zergling x2  
  120  10:06  Zergling x4  
  125  10:13  Queen  
  129  10:14  Overlord  
  129  10:15  Overlord  
  129  10:16  Infestation Pit, Overseer  
  128  10:22  Overseer  
  128  10:30  Zergling x2  
  128  10:31  Zergling x10  
  93  10:44  Hydralisk x2  
Show
View Real Time Build Order
Export as new Build Order

SpeCial Terran - Winner!

Build Orders: Reaper Expand, Hellion Banshee 

Get SALT Encoding   

  12  0:00  SCV  
  13  0:13  SCV  
  14  0:17  Supply Depot  
  14  0:25  SCV  
  15  0:39  SCV  
  16  0:42  Barracks  
  16  0:46  Refinery  
  16  0:51  SCV  
  17  1:03  SCV  
  18  1:15  SCV  
  19  1:29  Reaper  
  19  1:31  Orbital Command  
  20  1:41  Command Center  
  20  1:53  Supply Depot  
  20  1:57  SCV  
  21  2:01  Marine  
  21  2:07  Factory  
  22  2:10  SCV  
  23  2:16  Refinery  
  23  2:22  SCV  
  24  2:24  Barracks Reactor  
  24  2:34  SCV  
  25  2:46  SCV  
  26  2:53  Starport  
  26  2:56  Orbital Command  
  26  2:58  SCV  
  27  3:09  Hellion x2  
  27  3:10  SCV  
  32  3:15  Barracks Tech Lab  
  32  3:22  SCV  
  32  3:23  SCV  
  34  3:30  Hellion x2  
  34  3:31  Supply Depot  
  34  3:33  Viking  
  40  3:35  SCV  
  40  3:36  SCV  
  40  3:40  Supply Depot  
  42  3:47  SCV  
  43  3:51  Hellion  
  43  3:52  SCV  
  43  3:53  Hellion  
  48  3:56  Supply Depot  
  48  3:59  SCV  
  49  4:03  Armory  
  49  4:04  SCV  
  50  4:10  Medivac  
  50  4:11  Cloaking Field, SCV  
  50  4:16  SCV  
  54  4:19  Supply Depot  
  54  4:23  SCV, Hellion  
  57  4:25  Hellion  
  57  4:28  SCV  
  60  4:35  SCV  
  61  4:38  Supply Depot  
  61  4:40  Banshee  
  61  4:45  Hellion  
  66  4:46  SCV  
  66  4:47  SCV  
  66  4:49  Supply Depot  
  66  4:51  Hellion  
  70  5:01  SCV x2  
  70  5:06  Hellion  
  74  5:13  Hellion, SCV x2  
  78  5:25  SCV, Command Center  
  78  5:27  Hellion  
  73  5:33  Barracks Reactor, Banshee  
  73  5:35  Factory  
  73  5:38  Refinery  
  73  5:39  Supply Depot, Refinery  
  73  5:40  Hellion  
  75  5:47  SCV x2  
  75  5:49  Hellion  
  79  6:01  Hellion  
  81  6:05  SCV  
  81  6:08  SCV  
  83  6:12  Terran Vehicle Weapons Level 1  
  83  6:16  Supply Depot, Banshee  
  83  6:17  SCV  
  87  6:21  SCV  
  88  6:28  Cyclone x3  
  88  6:30  SCV  
  98  6:33  SCV  
  98  6:37  Cyclone  
  98  6:38  Orbital Command  
  102  6:42  SCV  
  103  6:48  SCV  
  104  6:54  SCV  
  104  6:56  Refinery  
  104  7:00  Hellion  
  104  7:01  Hellion x2, Factory  
  111  7:02  Factory  
  111  7:05  SCV x2  
  111  7:06  SCV  
  111  7:07  Factory  
  111  7:08  Refinery  
  114  7:13  Hellion  
  116  7:17  SCV  
  116  7:19  SCV x2  
  116  7:22  Hellion x2  
  123  7:23  Barracks Tech Lab  
  123  7:24  Armory  
  123  7:26  Ghost Academy  
  123  7:28  Supply Depot  
  123  7:29  Supply Depot, SCV  
  124  7:31  SCV  
  124  7:34  SCV  
  118  7:38  Hellion x2  
  118  7:42  SCV  
  123  7:45  SCV  
  123  7:50  Barracks Tech Lab  
  124  7:54  Supply Depot x2  
  124  7:55  Hellion x2  
  122  8:00  Hellion  
  122  8:01  Siege Tank  
  122  8:02  Factory Tech Lab x2  
  122  8:04  SCV  
  117  8:09  Infernal Pre-Igniter, Ghost, Hellion  
  117  8:10  Barracks  
  117  8:12  Terran Vehicle Weapons Level 2  
  110  8:15  Terran Vehicle And Ship Armor Level 1  
  110  8:17  Hellion  
  110  8:18  Hellion, Liberator  
  114  8:20  Command Center  
  114  8:22  Hellion  
  114  8:24  Supply Depot  
  114  8:25  Supply Depot  
  116  8:30  Hellion  
  116  8:32  Siege Tank x2  
  127  8:43  Ghost  
  129  8:50  Hellion x2  
  129  8:52  Siege Tank  
  126  8:56  Hellion  
  126  8:58  Ghost  
  120  9:06  SCV x2  
  120  9:07  SCV  
  121  9:11  Hellion  
  121  9:12  Hellion x2, Siege Tank  
  121  9:13  Ghost  
  132  9:18  Hellion, SCV  
  135  9:31  Ghost  
  135  9:35  Hellion  
  135  9:36  Hellion x2  
  143  9:40  Siege Tank  
  143  9:42  Ghost  
  143  9:44  Siege Tank  
  145  9:59  Hellion x3, Smart Servos  
  150  10:00  Hellion  
  150  10:01  Siege Tank, Command Center  
  150  10:04  Refinery  
  150  10:05  Refinery  
  153  10:13  Command Center  
  150  10:18  Siege Tank  
  150  10:20  Hellion  
  150  10:21  Hellion x3  
  161  10:25  Siege Tank  
  161  10:42  Hellion x4  
  148  10:45  Ghost x2  
Tags
 
Add a new tag
Caveats
  • Supply blocks, unpowered buildings, or Contaminate may cause inaccurate times.
  • Supply counts are checked every 10 seconds.